 Dungeon Crawl Stone Soup version 0.32-a0-576-g706899e69d (webtiles) character file.

Game seed: 7289094993903425073

114 cforsyth the Grave Robber (level 4, -2/38 HPs)
             Began as a Mountain Dwarf Necromancer on Mar 2, 2024.
             Incinerated by a bombardier beetle (5 damage)
             ... with a burning spray
             ... on level 3 of the Dungeon.
             The game lasted 00:03:31 (1866 turns).

cforsyth the Grave Robber (MDNe)                    Turns: 1866, Time: 00:03:32

Health: -2/38      AC:  9    Str: 11    XL:     4   Next: 67%
Magic:  3/6        EV:  5    Int: 17    God:
Gold:   99         SH:  0    Dex: 10    Spells: 5/6 levels left

rFire   . . .        n - +0 morningstar
rCold   . . .        (no shield)
rNeg    . . .        o - +0 chain mail
rPois   .            m - +0 helmet
rElec   .            (no cloak)
rCorr   .            (no gloves)
SInv    .            (no boots)
Will    +....        (no amulet) Stlth
                     (no ring)
HPRegen 0.26/turn    (no ring)
MPRegen 0.10/turn

%: no passive effects
@: brilliant, on fire, enlightened, flying, glowing
A: runic magic, artefact enchanting
a: no special abilities


You were on level 3 of the Dungeon.
You visited 1 branch of the dungeon, and saw 3 of its levels.

You collected 99 gold pieces.


Innate Abilities, Weirdness & Mutations

Your spellcasting is much less encumbered by armour.
You can use scrolls of enchantment on lesser artefacts.


   Skills:
 + Level 3.2 Fighting
 - Level 1.3 Dodging
 - Level 1.4 Stealth
 - Level 1.7 Spellcasting
 + Level 5.7 Necromancy


You had 5 spell levels left.
You knew the following spells:

 Your Spells              Type           Power      Damage    Failure   Level
X - Necrotise             Necr           100%       1d9       4%          1

Your spell library contained the following spells:

 Spells                   Type           Power      Damage    Failure   Level
 Vampiric Draining        Necr           31%        2d8       14%         3
 Animate Dead             Necr           31%        N/A       43%         4
 Lesser Beckoning         Tloc           4%         N/A       58%         2
 Curse of Agony           Necr           31%        N/A       78%         5
 Gell's Gravitas          Tloc           2%         N/A       82%         3
 Teleport Other           Tloc           2%         N/A       82%         3

Inventory:

Hand Weapons
 n - a +0 morningstar (weapon)
Armour
 m - a +0 helmet (worn)
 o - a +0 chain mail (worn)
Jewellery
 f - an amulet of faith {!P}
Wands
 k - a wand of digging (4)
Scrolls
 c - a scroll of revelation {unknown}
 h - a scroll of silence {unknown}
 i - 2 scrolls of identify {unknown}
 j - a scroll of fog {unknown}
Potions
 b - a potion of magic
 e - a potion of brilliance
 g - a potion of invisibility {unknown}

Dungeon Overview and Level Annotations

Branches:
Dungeon (3/15)

Altars:

Shops:
D:2

:
#............#
+............#
#...####.#####
#...+.##.# #..
#....#### ...
####...$#
#.##.# #..#.#
##@..#
.......#Z..#
..[.... #).#
....... #.#
....... >#
....... #
#.####. #. #.


You could see a friendly rat skeleton.


Message History

Aiming: Necrotise (safe; 5% risk of failure)
Press: ? - help, Shift-Dir - straight line, f - bombardier beetle
Aim: a bombardier beetle (heavily wounded, ally target, chance to affect: 78%)
The bombardier beetle writhes in agony.
The liquid fire burns you!
* * * LOW HITPOINT WARNING * * *
The bombardier beetle bites you.
* * * LOW HITPOINT WARNING * * *
Unknown command.
Casting: Necrotise (safe; 5% risk of failure)
Confirm with . or Enter, or press ? or * to list all spells.
Aiming: Necrotise (safe; 5% risk of failure)
Press: ? - help, Shift-Dir - straight line, f/p - bombardier beetle
Aim: a bombardier beetle (severely wounded, ally target, chance to affect: 78%)
The bombardier beetle writhes in agony!
You kill the bombardier beetle!
The liquid fire burns you!
* * * LOW HITPOINT WARNING * * *
Your Fighting skill increases to level 3!
Unknown command.
It was a potion of brilliance.
You feel clever all of a sudden. The liquid fire burns you!
* * * LOW HITPOINT WARNING * * *
Unknown command.
It was a potion of enlightenment.
You feel very buoyant.
You fly up into the air.
The liquid fire burns you!
You die...

Skill      XL: |  1  2  3  4 |
---------------+-------------+-----
Fighting       | 1 2 3 |  3.2
Necromancy     | 5 |  5.7
Dodging        | |  1.3
Stealth        | |  1.4
Spellcasting   | |  1.7

Action                     |  1- 3 |  4- 6 || total
---------------------------+-------+-------++-------
  Melee: Unarmed           |    42 |       ||    42
         Morningstar       |       |     5 ||     5
   Cast: Necrotise         |    49 |    22 ||    71
    Use: Scroll            |     1 |       ||     1
         Potion            |       |     2 ||     2
   Stab: Distracted        |     1 |       ||     1
 Armour: Robe              |    57 |     3 ||    60
         Chain mail        |       |     3 ||     3
  Dodge: Dodged            |    46 |     1 ||    47

Levels and vault maps discovered:
D:1:      erik_arrival_orb_chamber, layout_basic
D:2:      layout_loops_ring, hellmonk_ecumenical_altar_crossroads, serial_shops,
          shop, uniq_jessica
D:3:      layout_basic, uniq_natasha

Notes
Turn   | Place    | Note
-------+----------+-------------------------------------------
     0 | D:1      | cforsyth the Mountain Dwarf Necromancer began the quest for
                  | the Orb.
     0 | D:1      | Reached XP level 1. HP: 14/14 MP: 3/3
   150 | D:1      | Reached skill level 1 in Fighting
   190 | D:1      | Reached XP level 2. HP: 23/23 MP: 1/4
   651 | D:1      | Reached skill level 2 in Fighting
   651 | D:1      | Reached skill level 5 in Necromancy
   651 | D:1      | Reached XP level 3. HP: 29/29 MP: 0/5
   919 | D:2      | Found Ippo's Book Shoppe.
  1100 | D:2      | Noticed Jessica
  1105 | D:2      | Killed Jessica
  1106 | D:2      | Reached XP level 4. HP: 37/37 MP: 1/6
  1389 | D:2      | Found a faded altar of an unknown god.
  1865 | D:3      | Reached skill level 3 in Fighting
  1865 | D:3      | HP: 3/38 [burnt (2)]
  1866 | D:3      | Incinerated by a bombardier beetle

Vanquished Creatures
  A bombardier beetle (D:3)
  Jessica (D:2)
  An adder (D:2)
  2 dart slugs (D:1)
  An orc (D:3)
  2 bats (D:1)
  3 endoplasms
  A giant cockroach (D:2)
  3 goblins
  5 hobgoblins
  7 jackals (D:1)
  A kobold (D:3)
  A quokka (D:2)
  4 ball pythons (D:1)
  A frilled lizard (D:2)
  2 rats
36 creatures vanquished.

Vanquished Creatures (collateral kills)
  A bat (D:1)
  A frilled lizard (D:1)
2 creatures vanquished.

Grand Total: 38 creatures vanquished

Table legend: (Time is in decaauts)
 A = Elapsed time spent in this place.
 B = Non-inter-level travel time spent in this place.
 C = Inter-level travel time spent in this place.
 D = Time resting spent in this place.
 E = Time spent auto-exploring this place.
 F = Levels seen in this place.
 G = Mean time per level.
                   A        B        C        D        E       F      G
               +--------+--------+--------+--------+--------+-----+--------+
         Total |   1867 |   1819 |     48 |     26 |   1442 |   3 |  622.3 |
       Dungeon |   1867 |   1819 |     48 |     26 |   1442 |   3 |  622.3 |
               +--------+--------+--------+--------+--------+-----+--------+

Top non-repeatable levels by time:
     D:1: 919 daAuts
     D:2: 881 daAuts
     D:3: 66 daAuts

Table legend:
 A = Non-vault XP
 B = Vault XP
 C = Vault XP percentage of total XP
 D = Non-vault monster count
 E = Vault monster count
 F = Vault count percentage of total count
                 A         B        C        D         E       F
            +---------+---------+-------+---------+---------+-------
      Total |     127 |      37 |  22.6 |      37 |       1 |   2.6
            +---------+---------+-------+---------+---------+-------
        D:1 |      45 |       0 |   0.0 |      24 |       0 |   0.0
        D:2 |      28 |      37 |  56.9 |       9 |       1 |  10.0
        D:3 |      54 |       0 |   0.0 |       4 |       0 |   0.0
            +---------+---------+-------+---------+---------+-------
